TOP OF THE 1ST |
Virginia Cavaliers batting - Pitching for Georgia Bulldogs : RHP Jason Rose
|
Pitching: RHP Jason Rose
|
|
Batting: RHB Bartolo Reyes
|
0-0: Called Strike 0-1: Called Strike 0-2: Foul Ball, location: 2F 0-2: Ball 1-2: Ground out 6-3 (Groundball, 6)
|
Batting: LHB Domingo González
|
0-0: Foul Ball, location: 2F 0-1: Ball 1-1: Ball 2-1: Ball 3-1: Base on Balls
|
Batting: SHB Walton Locke
|
0-0: Called Strike 0-1: Ball 1-1: Foul Ball, location: 2F 1-2: Fly out, F9 (Flyball, 89D)
|
Batting: RHB Pat McDonald
|
0-0: Ball Domingo González is caught stealing 2nd base
|
Top of the 1st over - 0 run(s), 0 hit(s), 0 error(s), 0 left on base; Virginia 0 - Georgia 0 |
BOTTOM OF THE 1ST |
Georgia Bulldogs batting - Pitching for Virginia Cavaliers : RHP Dave Martin
|
Pitching: RHP Dave Martin
|
|
Batting: LHB Sandro Márquez
|
0-0: Ball 1-0: SINGLE (Line Drive, 9LS)
|
Batting: SHB Nate Harrington
|
0-0: Ball 1-0: Called Strike 1-1: Fly out, F1 (Line Drive, 13)
|
Batting: RHB Ángel Torres
|
0-0: Ball 1-0: Called Strike 1-1: Swinging Strike 1-2: Foul Ball, location: 2F 1-2: Ball 2-2: DOUBLE (Groundball, 5L) Sandro Márquez to third Sandro Márquez scores
|
Batting: RHB Tom Stoltz
|
0-0: Swinging Strike 0-1: Ball 1-1: Foul Ball, location: 2F 1-2: Ball 2-2: Foul Ball, location: 2F 2-2: Ball 3-2: SINGLE (Flyball, 7S) Ángel Torres to third
|
Batting: RHB Gerald Miller
|
0-0: SINGLE (Groundball, 56D) Ángel Torres scores Tom Stoltz to second
|
Batting: SHB Jean-François St-Amant
|
0-0: Ball 1-0: Ball 2-0: Ball 3-0: Called Strike 3-1: Base on Balls Tom Stoltz to third Gerald Miller to second
|
Batting: LHB Artie Connor
|
0-0: Fly out, F8 (Flyball, 8LS) Runner from 3rd tags up, SCORES, no throw
|
Batting: RHB John Field
|
0-0: Called Strike 0-1: Fly out, F9 (Flyball, 9LS)
|
Bottom of the 1st over - 3 run(s), 4 hit(s), 0 error(s), 2 left on base; Virginia 0 - Georgia 3 |
TOP OF THE 2ND |
Virginia Cavaliers batting - Pitching for Georgia Bulldogs : RHP Jason Rose
|
Batting: RHB Pat McDonald
|
0-0: Foul Ball, location: 2F 0-1: Swinging Strike 0-2: Strikes out swinging
|
Batting: RHB Mark Whiffen
|
0-0: Ball 1-0: Ball 2-0: Foul Ball, location: 2F 2-1: Called Strike 2-2: Foul Ball, location: 2F 2-2: Ball 3-2: Base on Balls
|
Batting: RHB Carl Curry
|
0-0: Called Strike 0-1: Called Strike 0-2: Fielders Choice at 2nd, 5-4 (Groundball, 56)
|
Batting: LHB Pablo Espinoza
|
0-0: Ball 1-0: Ball 2-0: Called Strike 2-1: SINGLE (Line Drive, 6M) Carl Curry to second
|
Batting: LHB Brett Anderson
|
0-0: Called Strike 0-1: Ball 1-1: Ball 2-1: Ball 3-1: Called Strike 3-2: Ground out 4-3 (Groundball, 4)
|
Top of the 2nd over - 0 run(s), 1 hit(s), 0 error(s), 2 left on base; Virginia 0 - Georgia 3 |
BOTTOM OF THE 2ND |
Georgia Bulldogs batting - Pitching for Virginia Cavaliers : RHP Dave Martin
|
Batting: RHB Chris Whittier
|
0-0: Called Strike 0-1: Ball 1-1: Ball 2-1: Swinging Strike 2-2: Strikes out swinging
|
Batting: LHB Sandro Márquez
|
0-0: Called Strike 0-1: Called Strike 0-2: SINGLE (Groundball, 6D)
|
Batting: SHB Nate Harrington
|
0-0: Fly out, F8 (Line Drive, 8LM)
|
Batting: RHB Ángel Torres
|
0-0: Called Strike Sandro Márquez steals 2nd base 0-1: Called Strike 0-2: Strikes out swinging
|
Bottom of the 2nd over - 0 run(s), 1 hit(s), 0 error(s), 1 left on base; Virginia 0 - Georgia 3 |
TOP OF THE 3RD |
Virginia Cavaliers batting - Pitching for Georgia Bulldogs : RHP Jason Rose
|
Batting: RHB Eric Barthorpe
|
0-0: Ball 1-0: Fly out, F8 (Flyball, 8RM)
|
Batting: RHB Bartolo Reyes
|
0-0: Ball 1-0: Foul Ball, location: 2F 1-1: Ball 2-1: Called Strike 2-2: Ground out 6-3 (Groundball, 56)
|
Batting: LHB Domingo González
|
0-0: Ball 1-0: Foul Ball, location: 2F 1-1: Ball 2-1: Ball 3-1: Base on Balls
|
Batting: SHB Walton Locke
|
0-0: Ball 1-0: Foul Ball, location: 2F 1-1: Ball Domingo González is caught stealing 2nd base
|
Top of the 3rd over - 0 run(s), 0 hit(s), 0 error(s), 0 left on base; Virginia 0 - Georgia 3 |
BOTTOM OF THE 3RD |
Georgia Bulldogs batting - Pitching for Virginia Cavaliers : RHP Dave Martin
|
Batting: RHB Tom Stoltz
|
0-0: Ball 1-0: Foul Ball, location: 2F 1-1: Fly out, F8 (Flyball, 8RM)
|
Batting: RHB Gerald Miller
|
0-0: Ball 1-0: Foul Ball, location: 2F 1-1: Foul Ball, location: 2F 1-2: Ball 2-2: Fly out, F9 (Line Drive, 9)
|
Batting: SHB Jean-François St-Amant
|
0-0: Called Strike 0-1: Foul Ball, location: 2F 0-2: Ball 1-2: Ball 2-2: SINGLE (Line Drive, 9LS)
|
Batting: LHB Artie Connor
|
0-0: Ball 1-0: Called Strike 1-1: Called Strike 1-2: Foul Ball, location: 2F 1-2: Ball 2-2: Ball 3-2: Foul Ball, location: 2F 3-2: Base on Balls Jean-François St-Amant to second
|
Batting: RHB John Field
|
0-0: Ball 1-0: Called Strike 1-1: SINGLE (Groundball, 56D) Jean-François St-Amant to third Artie Connor to second Runner from 3rd tries for Home, SAFE, no throw
|
Batting: RHB Chris Whittier
|
0-0: Ball 1-0: Ball 2-0: Ball 3-0: Called Strike 3-1: SINGLE (Line Drive, 34D) Artie Connor to third John Field to second
|
Batting: LHB Sandro Márquez
|
0-0: Called Strike 0-1: Swinging Strike 0-2: Ball 1-2: Ball 2-2: Foul Ball, location: 2F 2-2: Foul Ball, location: 2F 2-2: Strikes out looking
|
Bottom of the 3rd over - 1 run(s), 3 hit(s), 0 error(s), 3 left on base; Virginia 0 - Georgia 4 |
TOP OF THE 4TH |
Virginia Cavaliers batting - Pitching for Georgia Bulldogs : RHP Jason Rose
|
Batting: SHB Walton Locke
|
0-0: Foul Ball, location: 2F 0-1: Swinging Strike 0-2: Strikes out swinging
|
Batting: RHB Pat McDonald
|
0-0: DOUBLE (Line Drive, 7LM)
|
Batting: RHB Mark Whiffen
|
0-0: Called Strike 0-1: Ball 1-1: Foul Ball, location: 2F 1-2: Ball 2-2: Strikes out looking
|
Batting: RHB Carl Curry
|
0-0: Ball 1-0: Called Strike 1-1: Ball 2-1: Ball 3-1: Foul Ball, location: 2F 3-2: Base on Balls
|
Batting: LHB Pablo Espinoza
|
0-0: Foul Ball, location: 2F 0-1: Swinging Strike 0-2: Foul Ball, location: 2F 0-2: Ball 1-2: Ball 2-2: Ball 3-2: SINGLE (Line Drive, 4MD) Pat McDonald to third Carl Curry to second Pat McDonald scores Carl Curry to third
|
Pitching: RHP Darryl Ward
|
|
Batting: LHB Brett Anderson
|
0-0: Ball 1-0: Called Strike 1-1: Called Strike 1-2: Ball 2-2: Ball 3-2: Fly out, F4 (Line Drive, 4)
|
Top of the 4th over - 1 run(s), 2 hit(s), 0 error(s), 2 left on base; Virginia 1 - Georgia 4 |
BOTTOM OF THE 4TH |
Georgia Bulldogs batting - Pitching for Virginia Cavaliers : RHP Dave Martin
|
Batting: SHB Nate Harrington
|
0-0: Ball 1-0: Fly out, F9 (Flyball, 9)
|
Batting: RHB Ángel Torres
|
0-0: Called Strike 0-1: Ball 1-1: Ball 2-1: Ball 3-1: Fly out, F8 (Line Drive, 8LM)
|
Batting: RHB Tom Stoltz
|
0-0: Ball 1-0: Foul Ball, location: 2F 1-1: Fly out, F8 (Flyball, 8LD)
|
Bottom of the 4th over - 0 run(s), 0 hit(s), 0 error(s), 0 left on base; Virginia 1 - Georgia 4 |
TOP OF THE 5TH |
Virginia Cavaliers batting - Pitching for Georgia Bulldogs : RHP Darryl Ward
|
Batting: RHB Eric Barthorpe
|
0-0: Ball 1-0: Foul Ball, location: 2F 1-1: Swinging Strike 1-2: Strikes out swinging
|
Batting: RHB Bartolo Reyes
|
0-0: Ball 1-0: Ball 2-0: Ball 3-0: Called Strike 3-1: Foul Ball, location: 2F 3-2: Ground out 6-3 (Groundball, 6MS)
|
Batting: LHB Domingo González
|
0-0: Swinging Strike 0-1: Foul Ball, location: 2F 0-2: Foul Ball, location: 2F 0-2: Strikes out looking
|
Top of the 5th over - 0 run(s), 0 hit(s), 0 error(s), 0 left on base; Virginia 1 - Georgia 4 |
BOTTOM OF THE 5TH |
Georgia Bulldogs batting - Pitching for Virginia Cavaliers : RHP Dave Martin
|
Pitching: RHP Ed Rolston
|
|
Batting: RHB Gerald Miller
|
0-0: Called Strike 0-1: SOLO HOME RUN (Flyball, 7LD), Distance : 319 ft
|
Batting: SHB Jean-François St-Amant
|
0-0: Foul Ball, location: 2F 0-1: Swinging Strike 0-2: Strikes out swinging
|
Batting: LHB Artie Connor
|
0-0: Ball 1-0: Called Strike 1-1: SINGLE (Line Drive, 9S)
|
Batting: RHB John Field
|
0-0: Called Strike 0-1: Fly out, F8 (Flyball, 8LS)
|
Batting: RHB Chris Whittier
|
0-0: SINGLE (Line Drive, 78S) Artie Connor to second
|
Batting: LHB Sandro Márquez
|
0-0: SINGLE (Flyball, 7S) Artie Connor to third Chris Whittier to second Runner from 3rd tries for Home, SAFE, no throw
|
Batting: SHB Nate Harrington
|
0-0: Ball 1-0: Called Strike 1-1: Ball 2-1: Ball 3-1: Swinging Strike 3-2: Foul Ball, location: 2F 3-2: Base on Balls Chris Whittier to third Sandro Márquez to second
|
Batting: RHB Ángel Torres
|
0-0: Ball 1-0: Ball 2-0: SINGLE (Line Drive, 56D) Chris Whittier scores Sandro Márquez to third Nate Harrington to second Runner from 3rd tries for Home, SAFE, no throw
|
Pitching: RHP Mark Smiley
|
|
Batting: RHB Tom Stoltz
|
0-0: Foul Ball, location: 2F 0-1: Fly out, F9 (Flyball, 9LSF)
|
Bottom of the 5th over - 4 run(s), 5 hit(s), 0 error(s), 2 left on base; Virginia 1 - Georgia 8 |
TOP OF THE 6TH |
Virginia Cavaliers batting - Pitching for Georgia Bulldogs : RHP Darryl Ward
|
Batting: SHB Walton Locke
|
0-0: Foul Ball, location: 2F 0-1: Ball 1-1: Foul Ball, location: 2F 1-2: Ball 2-2: Ball 3-2: DOUBLE (Line Drive, 78M)
|
Batting: RHB Pat McDonald
|
0-0: Foul Ball, location: 2F 0-1: Foul Ball, location: 2F 0-2: Ball 1-2: Foul Ball, location: 2F 1-2: Foul Ball, location: 2F 1-2: Ground out 6-3 (Groundball, 6S) Walton Locke to third
|
Batting: RHB Mark Whiffen
|
0-0: Foul Ball, location: 2F 0-1: Foul Ball, location: 2F 0-2: Foul Ball, location: 2F 0-2: Foul Ball, location: 2F 0-2: Strikes out swinging
|
Batting: RHB Carl Curry
|
0-0: Ball 1-0: Foul Ball, location: 2F 1-1: Foul Ball, location: 2F 1-2: SINGLE (Flyball, 6MD) Walton Locke scores
|
Batting: LHB Pablo Espinoza
|
0-0: Ball 1-0: 2-RUN HOME RUN (Flyball, 9D), Distance : 368 ft
|
Batting: LHB Brett Anderson
|
0-0: Called Strike 0-1: Called Strike 0-2: Ball 1-2: SINGLE (Groundball, 4MD)
|
Pitching: RHP Jon Glass
|
|
Batting: RHB Eric Barthorpe
|
0-0: Ball 1-0: Called Strike 1-1: Foul Ball, location: 2F 1-2: Foul Ball, location: 2F 1-2: Ball 2-2: Ball 3-2: Base on Balls Brett Anderson to second
|
Batting: RHB Bartolo Reyes
|
0-0: Ball 1-0: Foul Ball, location: 2F 1-1: Called Strike 1-2: Strikes out swinging
|
Top of the 6th over - 3 run(s), 4 hit(s), 0 error(s), 2 left on base; Virginia 4 - Georgia 8 |
BOTTOM OF THE 6TH |
Georgia Bulldogs batting - Pitching for Virginia Cavaliers : RHP Mark Smiley
|
Batting: RHB Gerald Miller
|
0-0: Ball 1-0: Ball 2-0: Ball 3-0: Called Strike 3-1: Base on Balls
|
Batting: SHB Jean-François St-Amant
|
0-0: Called Strike 0-1: Ball 1-1: Ball 2-1: Reached on error, E4 (Groundball, 4) Gerald Miller to second
|
Batting: LHB Artie Connor
|
0-0: Ball 1-0: Ball 2-0: Swinging Strike 2-1: Ball 3-1: Base on Balls Gerald Miller to third Jean-François St-Amant to second
|
Batting: RHB John Field
|
0-0: Ball 1-0: Ball 2-0: Ball 3-0: Called Strike 3-1: Base on Balls Gerald Miller scores Jean-François St-Amant to third Artie Connor to second
|
Batting: RHB Chris Whittier
|
0-0: Fly out, F8 (Line Drive, 8RM) Runner from 3rd tags up, SCORES, throw made
|
Batting: LHB Sandro Márquez
|
0-0: Ball 1-0: Called Strike 1-1: Ball 2-1: Foul Ball, location: 2F 2-2: Strikes out swinging
|
Batting: SHB Nate Harrington
|
0-0: Swinging Strike 0-1: Ball 1-1: Swinging Strike 1-2: Foul Ball, location: 2F 1-2: Ball 2-2: Ball 3-2: Base on Balls Artie Connor to third John Field to second
|
Batting: RHB Ángel Torres
|
0-0: Called Strike 0-1: Fly out, F8 (Line Drive, 89M)
|
Bottom of the 6th over - 2 run(s), 0 hit(s), 1 error(s), 3 left on base; Virginia 4 - Georgia 10 |
TOP OF THE 7TH |
Virginia Cavaliers batting - Pitching for Georgia Bulldogs : RHP Jon Glass
|
Batting: LHB Domingo González
|
0-0: Ball 1-0: Ball 2-0: Ball 3-0: Foul Ball, location: 2F 3-1: Called Strike 3-2: Strikes out swinging
|
Batting: SHB Walton Locke
|
0-0: Ball 1-0: Ball 2-0: Ball 3-0: Base on Balls
|
Batting: RHB Pat McDonald
|
0-0: Called Strike 0-1: Called Strike 0-2: Ball 1-2: Foul Ball, location: 2F 1-2: Ball Walton Locke is caught stealing 2nd base 2-2: Strikes out swinging
|
Top of the 7th over - 0 run(s), 0 hit(s), 0 error(s), 0 left on base; Virginia 4 - Georgia 10 |
BOTTOM OF THE 7TH |
Georgia Bulldogs batting - Pitching for Virginia Cavaliers : RHP Mark Smiley
|
Batting: RHB Tom Stoltz
|
0-0: Ball 1-0: SOLO HOME RUN (Flyball, 7LD), Distance : 335 ft
|
Batting: RHB Gerald Miller
|
0-0: SINGLE (Flyball, 9S)
|
Batting: SHB Jean-François St-Amant
|
0-0: Fly out, F8 (Line Drive, 8LM)
|
Batting: LHB Artie Connor
|
0-0: Called Strike 0-1: Ball 1-1: Called Strike 1-2: Ball 2-2: Ball Gerald Miller steals 2nd base 3-2: Strikes out looking
|
Batting: RHB John Field
|
0-0: Ball 1-0: Ground out 1-3 (Groundball, P)
|
Bottom of the 7th over - 1 run(s), 2 hit(s), 0 error(s), 1 left on base; Virginia 4 - Georgia 11 |
TOP OF THE 8TH |
Virginia Cavaliers batting - Pitching for Georgia Bulldogs : RHP Jon Glass
|
Now at SS: Jeff Allen
|
|
Batting: RHB Mark Whiffen
|
0-0: Ball 1-0: Ball 2-0: Called Strike 2-1: Ball 3-1: Base on Balls
|
Batting: RHB Carl Curry
|
0-0: Ball 1-0: Fly out, F8 (Line Drive, 8RM)
|
Batting: LHB Pablo Espinoza
|
0-0: Ball 1-0: Ball 2-0: Called Strike 2-1: Called Strike 2-2: Foul Ball, location: 2F 2-2: Strikes out swinging
|
Batting: LHB Brett Anderson
|
0-0: Ball 1-0: Swinging Strike 1-1: Ball 2-1: DOUBLE (Groundball, 5L) Mark Whiffen to third Runner from 3rd tries for Home, SAFE, no throw
|
Batting: RHB Eric Barthorpe
|
0-0: Ball 1-0: Ball 2-0: Called Strike 2-1: Foul Ball, location: 2F 2-2: Ball 3-2: Base on Balls
|
Batting: RHB Bartolo Reyes
|
0-0: Called Strike 0-1: Ball 1-1: Swinging Strike 1-2: Ball 2-2: Ball 3-2: Foul Ball, location: 2F 3-2: Base on Balls Brett Anderson to third Eric Barthorpe to second
|
Batting: LHB Domingo González
|
0-0: Ball 1-0: Called Strike 1-1: Ball 2-1: Foul Ball, location: 2F 2-2: Ball 3-2: Foul Ball, location: 2F 3-2: SINGLE (Groundball, 6D) Brett Anderson scores Eric Barthorpe to third Bartolo Reyes to second Eric Barthorpe scores Bartolo Reyes to third
|
Pitching: RHP Jeff Beatty
|
|
Batting: SHB Walton Locke
|
0-0: Ball 1-0: Ball 2-0: Ball 3-0: Called Strike 3-1: Called Strike 3-2: Base on Balls Domingo González to second
|
Batting: RHB Pat McDonald
|
0-0: Called Strike 0-1: Swinging Strike 0-2: Ball 1-2: Strikes out looking
|
Top of the 8th over - 3 run(s), 2 hit(s), 0 error(s), 3 left on base; Virginia 7 - Georgia 11 |
BOTTOM OF THE 8TH |
Georgia Bulldogs batting - Pitching for Virginia Cavaliers : RHP Mark Smiley
|
Pitching: RHP Dave Moran
|
|
Batting: RHB Chris Whittier
|
0-0: Ball 1-0: Foul Ball, location: 2F 1-1: Called Strike 1-2: Strikes out swinging
|
Batting: LHB Sandro Márquez
|
0-0: Called Strike 0-1: Called Strike 0-2: Ball 1-2: Foul Ball, location: 2F 1-2: Foul Ball, location: 2F 1-2: Foul Ball, location: 2F 1-2: Ball 2-2: Ball 3-2: Base on Balls
|
Batting: SHB Nate Harrington
|
0-0: Ball 1-0: Foul Ball, location: 2F 1-1: Ball 2-1: Reached on error, E4 (Groundball, 4) Sandro Márquez to second
|
Batting: RHB Ángel Torres
|
0-0: Ball 1-0: Ball Sandro Márquez steals 3rd base Nate Harrington to second 2-0: Ball 3-0: Called Strike 3-1: Fly out, F8 (Flyball, 78M) Runner from 3rd tags up, SCORES, no throw
|
Batting: RHB Tom Stoltz
|
0-0: Ball 1-0: Ball 2-0: Ball 3-0: Swinging Strike 3-1: Ground out 6-3 (Groundball, 6)
|
Bottom of the 8th over - 1 run(s), 0 hit(s), 1 error(s), 1 left on base; Virginia 7 - Georgia 12 |
TOP OF THE 9TH |
Virginia Cavaliers batting - Pitching for Georgia Bulldogs : RHP Jeff Beatty
|
Batting: RHB Mark Whiffen
|
0-0: Ball 1-0: Swinging Strike 1-1: Ground out 4-3 (Groundball, 4)
|
Batting: RHB Carl Curry
|
0-0: Swinging Strike 0-1: Swinging Strike 0-2: Strikes out swinging
|
Batting: LHB Pablo Espinoza
|
0-0: Called Strike 0-1: Ball 1-1: Ball 2-1: Called Strike 2-2: Strikes out swinging
|
Top of the 9th over - 0 run(s), 0 hit(s), 0 error(s), 0 left on base; Virginia 7 - Georgia 12 |
|